 Dungeon Crawl Stone Soup version 0.28-a0-863-g8cecda6153 (webtiles) character file.

Game seed: 7758139985417874422

54 Lugonue the Skirmisher (level 4, 0/35 HPs)
             Began as a Djinni Cinder Acolyte on Nov 19, 2021.
             Was a High Priest of Ignis.
             Engulfed by a cloud of flame (4 damage)
             ... on level 3 of the Dungeon.
             The game lasted 00:03:41 (1643 turns).

Lugonue the Skirmisher (Djinni Cinder Acolyte)      Turns: 1643, Time: 00:03:42

Health: 0/35       AC:  3    Str: 13    XL:     4   Next: 12%
Gold:   80         EV: 11    Int: 16    God:    Ignis [*****.] SH:  0 Dex:  9

rFire   + + +      SeeInvis .   a - -1 hand axe (flame)
rCold   x . .      Faith    .   (no shield)
rNeg    . . .      Spirit   .   b - +0 robe
rPois   ∞          Reflect  .   d - +0 helmet
rElec   .          Harm     .   (no cloak)
rCorr   .          Rampage  .   (no gloves)
Will    .....                   (boots unavailable)
Stlth   +.........              (no amulet)
HPRegen 0.11/turn               (no ring)
MPRegen 0.00/turn               (no ring)

@: flying, very slightly contaminated
A: sickness immunity, fire resistance 2, cold vulnerability 1, float, innate
caster, hp casting, extra vitality 1
a: Renounce Religion, Sea of Fire, Foxfire Swarm, Rising Flame


You were on level 3 of the Dungeon.
You worshipped Ignis.
Ignis was extremely pleased with you.
You visited 1 branch of the dungeon, and saw 3 of its levels.

You collected 80 gold pieces.

Inventory:

Hand Weapons
 a - a -1 hand axe of flaming (weapon)
 e - a +0 short sword
Armour
 b - a +0 robe (worn)
 d - a +0 helmet (worn)
Scrolls
 c - 3 scrolls of identify {unknown}
 f - a scroll of fear {unknown}
 g - a scroll of enchant armour {unknown}


   Skills:
 + Level 3.5 Fighting
 + Level 2.9 Axes
 + Level 0.5 Dodging
 + Level 0.2 Stealth
 + Level 2.9 Spellcasting


You had 5 spell levels left.
You knew the following spells:

 Your Spells              Type           Power      Damage    Failure   Level
a - Scorch                Fire           22%        2d6       9%          2
b - Summon Small Mammal   Summ           44%        N/A       6%          1
Your spell library was empty.

Dungeon Overview and Level Annotations

Branches:
Dungeon (3/15)

Altars:
Qazlal

Annotations:
D:2 Sigmund


Innate Abilities, Weirdness & Mutations

You are immune to sickness and miasma.
You are immune to poison.
Your flesh is very heat resistant. (rF++)
You are vulnerable to cold. (rC-)
You float through the air rather than walking.
You learn spells naturally, not from books.
Your magical power is your life essence.
You have superior vitality. (+4 HP)


Message History

The iguana bites you!
Casting: Scorch (safe; 9% risk of failure)
Confirm with . or Enter, or press ? or * to list all spells.
Flames lash the iguana.
The iguana is almost dead.
The iguana's fire resistance burns away.
* * * LOW HITPOINT WARNING * * *
The iguana misses you.
You hit the iguana but do no damage.
The iguana is almost dead.
The iguana barely misses you.
Unknown command.
Casting: Scorch (safe; 9% risk of failure)
Confirm with . or Enter, or press ? or * to list all spells.
Flames lash the iguana but do no damage.
* * * LOW HITPOINT WARNING * * *
The iguana is no longer more vulnerable to fire.
The iguana closely misses you. The iguana completely misses you.
Casting: Scorch (safe; 9% risk of failure)
Confirm with . or Enter, or press ? or * to list all spells.
Flames lash the iguana.
The iguana is almost dead.
The iguana's fire resistance burns away.
* * * LOW HITPOINT WARNING * * *
The iguana barely misses you.
Casting: Scorch (safe; 9% risk of failure)
Confirm with . or Enter, or press ? or * to list all spells.
You miscast Scorch.
You are very lightly contaminated with residual magic.
Nothing appears to happen.
* * * LOW HITPOINT WARNING * * *
The iguana bites you but does no damage.
Fires begin to smoulder around you!
The iguana is no longer more vulnerable to fire.
The iguana bites you but does no damage.
The fire ignites! x8; You smother the flame.
The fire ignites! x17
Really fly into that cloud of flame?
You are engulfed in blazing flames.
You resist.
You die...

...##.# #...# #####.#
#...#
......#####...######
...................#
......>...........#§#
.....#............§#
.....#####....#.##§#
# ######
#....#§##§###§§§. #
#....#§@.l.§§§# #
#....#§##§##§§# #
#....#.##§# # #
.......##§§ #
#.......##### .#..#
..#... #. ....


You could see an iguana.

Vanquished Creatures
  A jelly (D:2)
  An endoplasm (D:1)
  A giant cockroach (D:3)
  3 goblins
  3 hobgoblins (D:1)
  2 quokkas
  4 bats
  A frilled lizard (D:2)
  7 kobolds
  2 rats (D:1)
25 creatures vanquished.

Notes
Turn   | Place    | Note
-------+----------+-------------------------------------------
     0 | D:1      | Lugonue the Djinni Cinder Acolyte began the quest for the
                  | Orb.
     0 | D:1      | Reached XP level 1. HP: 20/20 MP: 0/0
   366 | D:1      | Reached XP level 2. HP: 18/25 MP: 0/0
   997 | D:2      | Reached XP level 3. HP: 17/30 MP: 0/0
   997 | D:2      | Learned a level 1 spell: Summon Small Mammal
  1237 | D:2      | Noticed Sigmund
  1336 | D:3      | Reached XP level 4. HP: 24/35 MP: 0/0
  1432 | D:3      | Found a stormy altar of Qazlal.
  1643 | D:3      | Engulfed by a cloud of flame

Illustrated notes

Levels and vault maps discovered:
D:1:      erik_arrival_blinker_ship, layout_loops_ring, due_unseen_surprise
D:2:      layout_basic, hellmonk_ecumenical_altar_arch_garden, uniq_sigmund
D:3:      layout_loops_cross, nicolae_overflow_crystal_walls,
          minmay_misc_feat_rows

Action                   |  1- 3 |  4- 6 || total
-------------------------+-------+-------++-------
Melee: Hand axe          |    73 |     1 ||    74
 Cast: Scorch            |       |    13 ||    13
Invok: Sea of Fire       |       |     1 ||     1
  Use: Potion            |     1 |       ||     1
Armor: Robe              |    25 |     5 ||    30
Dodge: Dodged            |    54 |     9 ||    63

Table legend: (Time is in decaauts)
 A = Elapsed time spent in this place.
 B = Non-inter-level travel time spent in this place.
 C = Inter-level travel time spent in this place.
 D = Time resting spent in this place.
 E = Time spent auto-exploring this place.
 F = Levels seen in this place.
 G = Mean time per level.
                   A        B        C        D        E       F      G
               +--------+--------+--------+--------+--------+-----+--------+
         Total |   1636 |   1614 |     22 |      0 |   1338 |   3 |  545.3 |
       Dungeon |   1636 |   1614 |     22 |      0 |   1338 |   3 |  545.3 |
               +--------+--------+--------+--------+--------+-----+--------+

Top non-repeatable levels by time:
     D:1: 887 daAuts
     D:3: 379 daAuts
     D:2: 368 daAuts
